 Dungeon Crawl Stone Soup version 0.27.1-3-gb3d3a73c9e (webtiles) character file.

Game seed: 18144320902789221598

7 Descartes the Charlatan (level 1, 0/9 HPs)
             Began as a Spriggan Artificer on Oct 17, 2021.
             Slain by a hobgoblin (4 damage)
             ... on level 1 of the Dungeon.
             The game lasted 00:02:22 (322 turns).

Descartes the Charlatan (Spriggan Artificer)         Turns: 322, Time: 00:02:23

Health: 0/9        AC:  2    Str:  8    XL:     1   Next: 83%
Magic:  2/2        EV: 17    Int: 12    God:
Gold:   17         SH:  0    Dex: 15    Spells: 0/0 levels left

rFire    . . .     SeeInvis +   a - +0 dagger
rCold    . . .     Faith    .   (shield restricted)
rNeg     . . .     Spirit   .   b - +0 robe
rPois    .         Reflect  .   (helmet restricted)
rElec    .         Harm     .   (no cloak)
rCorr    .         Rampage  .   (gloves unavailable)
Will     .....                  (boots unavailable)
Stlth    ++........             (no amulet)
HPRegen  0.03/turn              (no ring)
MPRegen  0.08/turn              (no ring)

@: very quick
A: very small, no large weapons, unfitting armour, see invisible, speed 3
a: no special abilities


You were on level 1 of the Dungeon.
You visited 1 branch of the dungeon, and saw 1 of its levels.

You collected 17 gold pieces.

Inventory:

Hand Weapons
 a - a +0 dagger (weapon)
 f - a +0 hunting sling
Armour
 b - a +0 robe (worn)
Magical Staves
 i - a staff of earth
Wands
 c - a wand of flame (15) (quivered)
 d - a wand of charming (15)
Scrolls
 g - a scroll of fog {unknown}
 h - a scroll of identify {unknown}
Miscellaneous
 e - a piece from Xom's chessboard (15/15)


   Skills:
 + Level 0.9 Fighting
 + Level 0.1 Short Blades
 + Level 0.3 Slings
 + Level 3.3 Dodging
 + Level 2.0 Stealth
 + Level 4.1 Evocations


You couldn't memorise any spells.
You didn't know any spells.
Your spell library was empty.

Dungeon Overview and Level Annotations

Branches:
Dungeon (1/15)

Altars:


Innate Abilities, Weirdness & Mutations

You are very small and have problems with some larger weapons.
You are too small for most types of armour.
You have supernaturally acute eyesight. (SInv)
You cover ground extremely quickly. (Speed+++)


Message History

You barely miss the goblin. The goblin barely misses you.
You barely miss the goblin. The goblin hits you but does no damage.
You hit the goblin.
The goblin is severely wounded.
The goblin hits you with a +0 dagger.
You hit the goblin.
You kill the goblin!
Your Stealth skill increases to level 2!
No target in view!
No target in view!
No target in view!
Things that are here:
a +0 dagger; a goblin corpse
i - a staff of earth A hobgoblin comes into view.
The hobgoblin shouts!
You hit the hobgoblin.
The hobgoblin is moderately wounded.
The hobgoblin hits you.
Ouch! That really hurt!
You are too injured to fight recklessly!
You are too injured to fight recklessly!
You are too injured to fight recklessly!
You are too injured to fight recklessly!
You are too injured to fight recklessly!
You are too injured to fight recklessly!
You are too injured to fight recklessly!
You are too injured to fight recklessly!
You are too injured to fight recklessly!
You are too injured to fight recklessly!
You are too injured to fight recklessly!
You are too injured to fight recklessly!
You are too injured to fight recklessly!
You hit the hobgoblin but do no damage.
The hobgoblin is moderately wounded.
The hobgoblin barely misses you.
You hit the hobgoblin but do no damage.
The hobgoblin is moderately wounded.
The hobgoblin hits you.
You die...

....... ......# #.#.#
.##.#.# ..#.# ....#.#
#.#.# # ......#######.#.#
.#
...........รท..#.#####..#
....######....#........#
.......................#
..#.###.........@g......
..#.# #.......##########
..#.###[.............
..#.##.......########
..#.##...........
..#.##)......####
..#.##..........
..#.##......####
....##.#......


You could see a hobgoblin.

Vanquished Creatures
  An endoplasm (D:1)
  2 goblins (D:1)
  A hobgoblin (D:1)
  A frilled lizard (D:1)
  A rat (D:1)
6 creatures vanquished.

Notes
Turn   | Place    | Note
-------+----------+-------------------------------------------
     0 | D:1      | Descartes the Spriggan Artificer began the quest for the
                  | Orb.
     0 | D:1      | Reached XP level 1. HP: 9/9 MP: 2/2
   322 | D:1      | Slain by a hobgoblin

Illustrated notes

Levels and vault maps discovered:
D:1:      minmay_arrival_radiant_lines, layout_basic,
          shapermc_ecumenical_altar_petra

Skill      XL: |  1 |
---------------+----+-----
Stealth        | 2 |  2.0
Fighting       | |  0.9
Short Blades   | |  0.1
Slings         | |  0.3
Dodging        | |  3.3
Evocations     | |  4.1

Action                   || total
-------------------------++-------
Melee: Dagger            ||    14
       Club              ||     9
 Stab: Sleeping          ||     2
Armor: Robe              ||     1
Dodge: Dodged            ||    14
